 Dungeon Crawl Stone Soup version 0.28.0-45-g0d030f2227 (webtiles) character file.

Game seed: 16151640874336097831

431 Zeld the Gusty (level 6, -3/32 HPs)
             Began as a Tengu Air Elementalist on Apr 6, 2022.
             Was an Initiate of Sif Muna.
             Killed from afar by Blork the orc (7 damage)
             ... with a puff of frost
             ... on level 4 of the Dungeon.
             The game lasted 00:06:52 (6353 turns).

Zeld the Gusty (Tengu Air Elementalist)             Turns: 6353, Time: 00:06:53

Health: -3/32      AC:  2    Str:  8    XL:     6   Next: 99%
Magic:  0/13       EV: 15    Int: 17    God:    Sif Muna [......]
Gold:   200        SH:  5    Dex: 15    Spells: 3/13 levels left

rFire   . . .      SeeInvis .   (no weapon)
rCold   . . .      Faith    .   (no shield)
rNeg    . . .      Spirit   .   a - +0 robe
rPois   .          Reflect  +   (helmet restricted)
rElec   .          Harm     .   (no cloak)
rCorr   .          Rampage  .   (no gloves)
Will    .....                   (boots unavailable)
Stlth   ++........              j - amulet of reflection
HPRegen 0.10/turn               (no ring)
MPRegen 0.13/turn               (no ring)

@: flying quickly and evasively, quick
A: beak, talons 3, nimble flight
a: Renounce Religion


You were on level 4 of the Dungeon.
You worshipped Sif Muna.
Sif Muna was noncommittal.
You visited 2 branches of the dungeon, and saw 5 of its levels.

You collected 200 gold pieces.

Inventory:

Armour
 a - a +0 robe (worn)
Jewellery
 j - an amulet of reflection (around neck)
Scrolls
 b - 4 scrolls of teleportation {unknown}
 c - 2 scrolls of amnesia {unknown}
 e - a scroll of noise {unknown}
 f - 3 scrolls of brand weapon {unknown}
 h - 2 scrolls of identify {unknown}
 i - 2 scrolls of fog {unknown}
Potions
 d - a potion of invisibility {unknown}
 k - 2 potions of heal wounds {unknown}
 l - a potion of cancellation {unknown}


   Skills:
 - Level 3.0 Dodging
 - Level 3.0 Stealth
 * Level 4.0 Spellcasting
 + Level 3.6 Conjurations
 * Level 6.5 Air Magic
 + Level 1.0 Invocations


You had 3 spell levels left.
You knew the following spells:

 Your Spells              Type           Power      Damage    Failure   Level
a - Shock                 Conj/Air       80%        1d8       1%          1
b - Static Discharge      Conj/Air       20%        N/A       3%          2
c - Swiftness             Air            25%        N/A       3%          3
d - Airstrike             Air            12%        N/A       11%         4

Your spell library contained the following spells:

 Spells                   Type           Power      Damage    Failure   Level
 Corpse Rot               Necr/Air       28%        N/A       6%          2
 Poisonous Vapours        Pois/Air       28%        N/A       6%          2
 Beastly Appendage        Tmut           6%         N/A       16%         1
 Wereblood                Tmut           3%         N/A       24%         2
 Spider Form              Tmut/Pois      3%         N/A       43%         3
 Animate Armour           Summ/Erth      6%         N/A       83%         4
 Blade Hands              Tmut           1%         N/A       99%         5
 Iron Shot                Conj/Erth      4%         9d2       100%        6


Dungeon Overview and Level Annotations

Branches:
Dungeon (4/15)             Temple (1/1) D:4

Altars:
Cheibriados
Elyvilon
Hepliaklqana
Kikubaaqudgha
Makhleb
Qazlal
Ru
Sif Muna
Uskayaw
Wu Jian
Zin
The Shining One
Ignis

Annotations:
D:4 3 runed translucent doors, Blork the orc; pkoi's ghost, amateur DgGl


Innate Abilities, Weirdness & Mutations

You have a beak for a mouth.
You have claws for feet.
Your magical nature lets you fly swiftly and evasively.


Message History

Unknown command.
Casting: Shock (safe; 1% risk of failure)
Confirm with . or Enter, or press ? or * to list all spells.
Aiming: Shock (safe; 1% risk of failure)
Press: ? - help, Shift-Dir - straight line, f/p - Blork the orc
Aim: Blork the orc, wielding a +0 war axe and wearing a +0 robe (severely wounded, fast, 75% to hit)
The zap hits Blork the orc.
Blork the orc is almost dead.
Blork the orc looks encouraged for a moment.
Blork the orc frowns.
You barely miss Blork the orc. Your kick misses Blork the orc.
Blork the orc is almost dead.
Blork the orc barely misses you.
You hit Blork the orc but do no damage. Your kick misses Blork the orc.
Your peck misses Blork the orc.
Blork the orc is almost dead.
You block Blork the orc's attack.
Blork the orc gestures at you while chanting.
The puff of flame hits you!
Blork the orc gestures at you while chanting.
The puff of frost hits you!
* * * LOW HITPOINT WARNING * * *
You aren't carrying any items that you can evoke.
Unknown command.
You feel better.
Blork the orc hits you with a +0 war axe!
* * * LOW HITPOINT WARNING * * *
Casting: Shock (safe; 1% risk of failure)
Confirm with . or Enter, or press ? or * to list all spells.
Aiming: Shock (safe; 1% risk of failure)
Press: ? - help, Shift-Dir - straight line, f/p - Blork the orc
Aim: Blork the orc, wielding a +0 war axe and wearing a +0 robe (almost dead, fast, 75% to hit)
The zap hits Blork the orc.
Blork the orc is almost dead.
Blork the orc misses you.
Unknown command.
Blork the orc barely misses you.
Blork the orc gestures at you while chanting.
The puff of frost hits you!
You die...

##.#.# #...#...#...#....###......
##.#.###....#.....#.....# #.....†
...#.##..#####.>.#####..###......
.###.###....#.....#..............
.......'...#...#...#....##..#####
..##.###......###.......##..#
.....# ##....#.#.#o.##..##..#####
..#### ##.....#...###..##..#<...
..# ##....#@.## #..##..##### ..#
####....# #..##..# ..#
##.#.####..##..##### ..#
#.................. .##
########..#.#.##### .#
#.>#.#...... .# #..#.######.
.######### #..#.# #. )..).....#
#..#.# ##


You could see Blork the orc (fast).

Vanquished Creatures
  A phantom (D:4)
  A jelly (Temple)
  2 hounds (D:4)
  Jessica (D:3)
  2 orc wizards (D:4)
  Terence (D:2)
  Robin (D:3)
  4 gnolls
  2 adders (D:3)
  An ufetubus (D:4)
  An adder skeleton (D:4)
  A worm (D:4)
  2 dart slugs (D:2)
  7 orcs (D:4)
  8 ball pythons
  3 bats
  7 endoplasms
  4 giant cockroaches
  15 goblins
  A hobgoblin (D:1)
  8 kobolds
  2 quokkas
  4 frilled lizards
  5 rats
84 creatures vanquished.

Notes
Turn   | Place    | Note
-------+----------+-------------------------------------------
     0 | D:1      | Zeld the Tengu Air Elementalist began the quest for the
                  | Orb.
     0 | D:1      | Reached XP level 1. HP: 10/10 MP: 4/4
   209 | D:1      | Reached XP level 2. HP: 15/15 MP: 4/6
   530 | D:1      | Reached XP level 3. HP: 19/19 MP: 5/7
   533 | D:1      | Learned a level 2 spell: Static Discharge
   537 | D:1      | Learned a level 3 spell: Swiftness
  1599 | D:2      | Found a faded altar of an unknown god.
  2186 | D:3      | Reached XP level 4. HP: 24/24 MP: 3/9
  2247 | D:3      | Noticed Terence
  2319 | D:3      | Noticed Jessica
  2520 | D:2      | Killed Terence
  2521 | D:2      | Reached skill level 5 in Air Magic
  2631 | D:3      | Killed Jessica
  2632 | D:3      | Gained mutation: Your magical nature lets you fly swiftly
                  | and evasively. [Tengu growth]
  2632 | D:3      | Reached XP level 5. HP: 14/28 MP: 1/10
  2758 | D:3      | Noticed Robin
  2764 | D:3      | Learned a level 4 spell: Airstrike
  2881 | D:3      | Killed Robin
  4321 | D:4      | Found a staircase to the Ecumenical Temple.
  4336 | Temple   | Entered the Ecumenical Temple
  4730 | Temple   | Became a worshipper of Sif Muna the Loreminder
  4732 | Temple   | Reached XP level 6. HP: 23/32 MP: 0/12
  4956 | D:4      | Found a runed translucent gate.
  4957 | D:4      | Found a runed translucent gate.
  5035 | D:4      | Found a runed translucent gate.
  5035 | D:4      | Noticed pkoi's ghost (amateur DgGl)
  5252 | D:4      | Reached skill level 6 in Air Magic
  5914 | D:4      | Reached skill level 1 in Invocations
  6332 | D:4      | Noticed Blork the orc
  6353 | D:4      | Killed from afar by Blork the orc

Illustrated notes

Levels and vault maps discovered:
D:1:      sevenhm_arrival_forest_fort_large_2, layout_basic
D:2:      wander_river, layout_rooms, ebering_ecumenical_altar_hall,
          wander_ebering_terrifying_dragon_lair
D:3:      layout_loops_ring, uniq_jessica, uniq_robin, uniq_terence
D:4:      layout_basic, minmay_temple_entry_arrows, gammafunk_ghost_split,
          grunt_ministairs_10, uniq_blork_the_orc
Temple:   pdpol_scorched_temple

Skill      XL: |  1  2  3  4  5  6 |
---------------+-------------------+-----
Conjurations   | 2 3 |  3.6
Air Magic      | 5 6 |  6.5
Dodging        | 3 |  3.0
Spellcasting   | 3 4 |  4.0
Stealth        | 3 |  3.0
Invocations    | 1 |  1.0

Action                   |  1- 3 |  4- 6 || total
-------------------------+-------+-------++-------
Melee: Unarmed           |    35 |    24 ||    59
       Peck              |     9 |     3 ||    12
       Kick              |     8 |     3 ||    11
 Cast: Shock             |    58 |    97 ||   155
       Static Discharge  |       |    18 ||    18
       Airstrike         |       |     8 ||     8
  Use: Potion            |       |     1 ||     1
Armor: Robe              |    11 |     4 ||    15
Dodge: Dodged            |    13 |    49 ||    62
Block: Other             |       |    13 ||    13
       Reflection        |       |     2 ||     2
